 Dungeon Crawl Stone Soup version 0.27-a0-416-gca2cecf3c0 (webtiles) character file.

Game seed: 3986090049536266534

67 dickylongcocking the Sneak (level 4, 0/33 HPs)
             Began as a Barachi Delver on Feb 25, 2021.
             Was an Initiate of Hepliaklqana.
             Splashed by a jelly's acid (8 damage)
             ... on level 2 of the Dungeon.
             The game lasted 00:02:25 (1103 turns).

dickylongcocking the Sneak (Barachi Delver)         Turns: 1103, Time: 00:02:26

Health: 0/33       AC:  1    Str: 15    XL:     4   Next: 18%
Magic:  4/4        EV: 11    Int: 10    God:    Hepliaklqana [......]
Gold:   16         SH:  0    Dex: 13    Spells: 3/3 levels left

rFire    . . .     SeeInvis .   a - +0 falchion
rCold    . . .     Faith    .   (no shield)
rNeg     . . .     Spirit   .   f - +0 ring mail
rPois    .         Reflect  .   (no helmet)
rElec    .         Harm     .   (no cloak)
rCorr    .         Rampage  .   (no gloves)
Will     .....                  (no boots)
Stlth    ++........             (no amulet)
HPRegen  0.11/turn              (no ring)
MPRegen  0.09/turn              (no ring)

@: corroded, can't hop, slow
A: +LOS, swims, reduced essence, slowness 1, strong legs 1
a: Hop, Renounce Religion, Recall Ancestor, Ancestor Identity


You were on level 2 of the Dungeon.
You worshipped Hepliaklqana.
Hepliaklqana was noncommittal.
You visited 2 branches of the dungeon, and saw 5 of its levels.

You collected 16 gold pieces.

Inventory:

Hand Weapons
 a - a +0 falchion (weapon)
Armour
 b - a +0 leather armour
 f - a +0 ring mail (worn)
Scrolls
 c - a scroll of fog
 d - a scroll of magic mapping
Potions
 e - a potion of magic {unknown}


   Skills:
 * Level 4.1 Fighting
 + Level 3.1 Long Blades
 + Level 1.0 Armour
 + Level 2.4 Dodging
 + Level 5.3 Stealth


You had 3 spell levels left.
You didn't know any spells.
Your spell library was empty.

Dungeon Overview and Level Annotations

Branches:
Dungeon (5/15)             Temple (1/1) D:5

Altars:
Dithmenos
Fedhas
Gozag
Hepliaklqana
Kikubaaqudgha
Makhleb
Nemelex Xobeh
Okawaru
Qazlal
Ru
Sif Muna
Uskayaw
Yredelemnul
The Shining One

Annotations:
D:3 Sigmund
D:4 Eustachio; Robin
D:5 1 transporter, Grinder; tinescath's ghost, novice DrFE


Innate Abilities, Weirdness & Mutations

You can be seen from farther away. (+LOS)
You can swim through water.
You cover ground slowly.
You can hop short distances.
Your life essence is reduced to manifest your ancestor. (-10% HP)


Message History

Press: ? - help, Dir - move target, f - worm
Aim: a worm Attack!
Nomusa hits the worm.
The jelly hits Nomusa.
Nomusa is splashed with acid.
The worm barely misses Nomusa.
Nomusa hits the worm.
The jelly hits Nomusa but does no damage.
Nomusa hits the worm but does no damage.
Okay, then.
The worm closely misses Nomusa.
The jelly hits Nomusa.
Nomusa is splashed with acid.
The acid corrodes Nomusa!
Nomusa barely misses the worm.
Nomusa barely misses the worm.
The worm barely misses Nomusa.
Your legs are too worn out to hop.
Nomusa hits the worm but does no damage.
Nomusa hits the worm.
The worm bites Nomusa!
Nomusa is destroyed!
Nomusa is still trapped in memory!
You aren't carrying any items that you can evoke.
Unknown command.
Okay, then.
Okay, then.
Press: ? - help, v - describe, . - travel
Here: a jelly (moderately wounded)
The floor.
You completely miss the jelly.
The jelly is moderately wounded.
The jelly hits you. The acid corrodes you!
You are splashed with acid!
* * * LOW HITPOINT WARNING * * *
Unknown command.
Okay, then.
Okay, then.
Your legs are too worn out to hop.
Unknown command.
Okay, then.
The jelly hits you but does no damage. The jelly hits you.
* * * LOW HITPOINT WARNING * * *
You are splashed with acid!
You die...

#.####.#####..#
#............##
###
##.####..### ##
##. #.# #.#...#
#.# ...
##.##.##.# ##
##.#.#.# ##...#
##J## #@# #.#
#### #.# ....
#.# #### #.#
... #.# ##. #.#
..# ..#


You could see a jelly.

Vanquished Creatures
  A howler monkey (D:5)
  An adder (D:5)
  A worm (D:2)
  A dart slug (D:2)
  A leopard gecko (D:2)
  An orc (Temple)
  A giant cockroach (D:4)
  A kobold (D:2)
  2 frilled lizards (D:2)
  A rat (D:2)
11 creatures vanquished.

Vanquished Creatures (collateral kills)
  A hobgoblin (D:2)
  A frilled lizard (D:2)
  A kobold (D:2)
  A rat (D:2)
4 creatures vanquished.

Vanquished Creatures (others)
  2 ancestors
2 creatures vanquished.

Grand Total: 17 creatures vanquished

Notes
Turn   | Place    | Note
-------+----------+-------------------------------------------
     0 | D:5      | dickylongcocking the Barachi Delver began the quest for the
                  | Orb.
     0 | D:5      | Reached XP level 1. HP: 18/18 MP: 1/1
    62 | D:5      | Reached XP level 2. HP: 4/25 MP: 2/2
   296 | D:5      | Noticed a howler monkey
   327 | D:5      | Killed a howler monkey
   328 | D:5      | Reached skill level 5 in Stealth
   328 | D:5      | Reached XP level 3. HP: 5/30 MP: 3/3
   644 | D:5      | Found a transporter.
   645 | D:5      | Noticed an ogre
   645 | D:5      | Noticed tinescath's ghost (novice DrFE)
   646 | D:5      | Noticed an ogre
   647 | D:5      | Noticed Grinder
   671 | D:5      | Found a staircase to the Ecumenical Temple.
   677 | Temple   | Entered the Ecumenical Temple
   753 | Temple   | Became a worshipper of Hepliaklqana the Forgotten
   775 | D:5      | Noticed a killer bee
   776 | D:5      | Noticed a killer bee
   777 | D:5      | Noticed a killer bee
   777 | D:5      | Noticed a killer bee
   778 | D:5      | Noticed a killer bee
   793 | D:4      | Noticed Robin
   793 | D:4      | Noticed Eustachio
   801 | D:3      | Noticed Sigmund
   980 | D:2      | Reached XP level 4. HP: 31/33 MP: 4/4
  1051 | D:2      | Reached skill level 1 in Armour
  1103 | D:2      | Splashed by a jelly's acid

Illustrated notes

Levels and vault maps discovered:
D:2:      layout_loops_ring, zin_academy, lemuel_coloured_pillars_altar,
          grunt_dithmenos_smoke
D:3:      layout_loops_ring, uniq_sigmund
D:4:      layout_basic, lemuel_crystal_altar, dk_noncrumbling_2,
          kennysheep_generic_room_14, uniq_robin, uniq_eustachio
D:5:      layout_cave_pods, minmay_temple_entry_fiery, gammafunk_ghost_smash,
          uniq_grinder
Temple:   nicolae_temple_great_sept

Skill      XL: |  1  2  3  4 |
---------------+-------------+-----
Fighting       | 4 |  4.1
Long Blades    | 3 |  3.1
Stealth        | 5 |  5.3
Armour         | 1 |  1.0
Dodging        | |  2.4

Action                   |  1- 3 |  4- 6 || total
-------------------------+-------+-------++-------
Melee: Falchion          |    31 |    15 ||    46
Invok: Recall Ancestor   |     1 |     1 ||     2
 Abil: Hop               |     2 |     1 ||     3
Evoke: Wand              |     3 |       ||     3
  Use: Scroll            |     2 |     1 ||     3
       Potion            |     1 |       ||     1
 Stab: Sleeping          |     2 |       ||     2
Armor: Leather armour    |     2 |       ||     2
       Ring mail         |     6 |     7 ||    13
Dodge: Dodged            |    19 |     7 ||    26
       Rpst.: Falchion   |     7 |     2 ||     9

Table legend: (Time is in decaauts)
 A = Elapsed time spent in this place.
 B = Non-inter-level travel time spent in this place.
 C = Inter-level travel time spent in this place.
 D = Time resting spent in this place.
 E = Time spent auto-exploring this place.
 F = Levels seen in this place.
 G = Mean time per level.
                   A        B        C        D        E       F      G
               +--------+--------+--------+--------+--------+-----+--------+
         Total |   1169 |   1147 |     22 |    542 |    225 |   5 |  233.8 |
       Dungeon |   1077 |   1055 |     22 |    497 |    225 |   4 |  269.2 |
        Temple |     91 |     91 |      0 |     45 |      0 |   1 |   91.0 |
               +--------+--------+--------+--------+--------+-----+--------+

Top non-repeatable levels by time:
     D:5: 727 daAuts
     D:2: 295 daAuts
  Temple: 91 daAuts
     D:3: 47 daAuts
     D:4: 6 daAuts
